 Dungeon Crawl Stone Soup version 0.26.1-11-gd32895ea62 (webtiles) character file.

Game seed: 638840483856072716

1743 MisterFreud the Nimble (level 8, -1/37 HPs)
             Began as a Felid Berserker on July 1, 2021.
             Was an Elder of Trog.
             Killed from afar by an orc wizard (10 damage)
             ... with a magic dart
             ... on level 7 of the Dungeon.
             The game lasted 00:09:40 (7013 turns).

MisterFreud the Nimble (Felid Berserker)            Turns: 7013, Time: 00:09:40

Health: -1/37      AC:  2    Str: 13    XL:     8   Next: 77%
Magic:  18/18      EV: 31    Int:  9    God:    Trog [****..]
Gold:   170        SH:  0    Dex: 24    Spells: 7/7 levels left
                                        Lives:  0   Deaths: 2

rFire    . . .     SeeInvis +     - Unarmed
rCold    . . .     Faith    .   (shield unavailable)
rNeg     . . .     Spirit   .   (armour unavailable)
rPois    .         Reflect  .   (helmet unavailable)
rElec    .         Harm     .   (cloak unavailable)
rCorr    .         Rampage  .   (gloves unavailable)
Will     +....                  (boots unavailable)
Stlth    +++++.....             (no amulet)
HPRegen  0.12/turn              d - +6 ring of dexterity (curse)
MPRegen  0.16/turn              w - ring of magical power

@: berserk cooldown, slowed, slow
A: very small, no armour, no weapons or thrown items, stealth, claws 1, fangs 3,
see invisible, speed 1, shaggy fur 2, sharp paws
a: Renounce Religion, Berserk, Trog's Hand, Brothers in Arms


You were on level 7 of the Dungeon.
You worshipped Trog.
Trog was greatly pleased with you.
You visited 1 branch of the dungeon, and saw 7 of its levels.

You collected 330 gold pieces.
You spent 160 gold pieces at shops.

Inventory:

Jewellery
 d - a cursed +6 ring of dexterity (left paw)
 w - a ring of magical power (right paw)
Wands
 n - a wand of iceblast (14)
 t - a wand of random effects (22)
Scrolls
 a - 2 scrolls of identify
 b - 2 scrolls of enchant weapon {unknown}
 h - 5 scrolls of immolation {unknown}
 i - a scroll of random uselessness {unknown}
 j - a scroll of teleportation {unknown}
 l - 3 scrolls of magic mapping {unknown}
 o - 2 scrolls of remove curse {unknown}
 r - a scroll of noise {unknown}
 s - a scroll of amnesia
 u - 3 scrolls of fear {unknown}
 v - 2 scrolls of enchant armour {unknown}
Potions
 c - 9 potions of curing
 e - a potion of lignification
 f - a potion of might
 g - 4 potions of haste
 k - 3 potions of brilliance
 m - 2 potions of flight
 p - 2 potions of heal wounds
 q - a potion of invisibility


   Skills:
 - Level 5.0 Fighting
 + Level 11.7 Dodging
 - Level 10.0 Stealth
 + Level 9.3 Unarmed Combat


You had 7 spell levels left.
You didn't know any spells.
Your spell library was empty.

Dungeon Overview and Level Annotations

Branches:
Dungeon (7/15)             Temple (0/1) D:6

Altars:
Fedhas
Okawaru
Uskayaw

Shops:
D:4 *   D:6 *

Annotations:
D:2 Robin
D:4 3 runed translucent doors, PanSaczeczos's ghost, novice VSBr


Innate Abilities, Weirdness & Mutations

You cannot wear armour.
You are incapable of wielding weapons or throwing items.
Your paws allow you to move quietly. (Stealth)
You have sharp claws.
You have razor-sharp teeth.
You have supernaturally acute eyesight. (SInv)
You cover ground quickly.
You are covered in thick fur. (AC +2)
Your sharp claws are effective at attacking unaware monsters.


Message History

The orc wizard completely misses you. The orc closely misses you.
The orc hits you but does no damage. The orc completely misses you.
The orc wizard completely misses you. The orc closely misses you.
You are too injured to fight recklessly!
You scratch the orc wizard.
You bite the orc wizard, but do no damage.
The orc wizard is heavily wounded.
The orc wizard closely misses you. The orc misses you.
The orc barely misses you. The orc misses you.
The orc wizard points at you and mumbles some strange words.
The puff of flame hits you.
You are too injured to fight recklessly!
The orc hits you with a +0 flail.
* * * LOW HITPOINT WARNING * * *
The orc wizard completely misses you.
The orc throws a boomerang.
The boomerang completely misses you.
The weapon returns to the orc!
The orc completely misses you.
The orc wizard gestures at you while chanting.
The magic dart hits you!
You die...

........# #.#.#..# #.#.#
....@...# #.#.#..# #.#.#
........###.#.#..#######.#.#
######'##...#[#..........#.#
##[##'###.#.##.....###.#
#.........#)####.#.# #.#
#...)........#...#.###.#
#.........o###.#.......#
#####.......o.o.@....#.#####
(............#o#.....#.#
..........####.#.##..#.#
...........()..#.##..#.#
.........#######.....#.#
.........'...........#.#
.........#############.#
#######.....>..........#
#######..........#######


You could see an orc wizard (fast) and 3 orcs.

Vanquished Creatures
  Harold (D:7)
  Sigmund (D:6)
  Eustachio (D:4)
  5 yaks (D:7)
  Menkaure (D:4)
  Edmund (D:4)
  A water moccasin (D:7)
  3 orc warriors
  3 ice beasts
  A black bear (D:4)
  A phantom (D:6)
  A sky beast (D:7)
  A necrophage (D:4)
  Blork the orc (D:4)
  A bullfrog (D:7)
  A howler monkey (D:6)
  8 wights (D:7)
  A bullfrog zombie (D:7)
  A hound (D:7)
  A bullfrog skeleton (D:6)
  5 orc priests
  2 centaur skeletons
  Terence (D:3)
  4 orc wizards
  5 worker ants
  2 iguanas
  A hound skeleton (D:4)
  6 gnolls
  2 adders
  A shadow imp (D:7)
  3 white imps
  An ufetubus (D:6)
  A worm (D:2)
  3 dart slugs
  2 leopard geckos
  24 orcs
  4 giant cockroaches
  10 goblins
  9 hobgoblins
  3 jackals (D:5)
  2 kobolds
  3 quokkas
  A ball python (D:4)
  A ball python skeleton (D:4)
  4 bats
  3 frilled lizards
  2 leopard gecko skeletons
  6 rats
146 creatures vanquished.

Vanquished Creatures (others)
  An orc wizard (D:6)
  4 toadstools (D:1)
5 creatures vanquished.

Grand Total: 151 creatures vanquished

Notes
Turn   | Place    | Note
-------+----------+-------------------------------------------
     0 | D:1      | MisterFreud the Felid Berserker began the quest for the
                  | Orb.
     0 | D:1      | Reached XP level 1. HP: 10/10 MP: 2/2
    38 | D:1      | Reached skill level 1 in Stealth
   207 | D:1      | Reached XP level 2. HP: 7/14 MP: 3/3
  1059 | D:2      | Noticed Robin
  1074 | D:2      | Reached ** piety under Trog
  1076 | D:2      | Reached XP level 3. HP: 17/17 MP: 4/4
  2372 | D:3      | Found a hide-covered altar of Uskayaw.
  2425 | D:3      | Noticed Terence
  2435 | D:3      | Killed Terence
  2436 | D:3      | Reached XP level 4. HP: 21/21 MP: 5/5
  2550 | D:3      | Reached XP level 5. HP: 24/24 MP: 6/6
  2687 | D:4      | Noticed a necrophage
  2700 | D:4      | Reached skill level 5 in Stealth
  2709 | D:4      | Killed a necrophage
  2710 | D:4      | Reached skill level 5 in Unarmed Combat
  2710 | D:4      | Reached skill level 5 in Dodging
  2774 | D:4      | Noticed Menkaure
  2790 | D:4      | Gained mutation: You are covered in thick fur. (AC +2)
                  | [Felid growth]
  2790 | D:4      | Reached XP level 6. HP: 24/28 MP: 7/7
  2797 | D:4      | Killed Menkaure
  2798 | D:4      | Reached skill level 6 in Dodging
  3099 | D:4      | Reached *** piety under Trog
  3236 | D:4      | Noticed Blork the orc
  3237 | D:4      | Found Ineago Lohu's General Store.
  3250 | D:4      | Killed Blork the orc
  3251 | D:4      | Reached skill level 7 in Dodging
  3352 | D:4      | Bought a potion of heal wounds for 50 gold pieces
  3352 | D:4      | Bought a potion of invisibility for 80 gold pieces
  3352 | D:4      | Bought a scroll of identify for 20 gold pieces
  3352 | D:4      | Bought a potion of degeneration for 10 gold pieces
  3430 | D:4      | Noticed Eustachio
  3439 | D:4      | Killed Eustachio
  3440 | D:4      | Reached skill level 8 in Dodging
  3440 | D:4      | Reached XP level 7. HP: 31/31 MP: 8/8
  3469 | D:4      | Noticed Edmund
  3480 | D:4      | Killed Edmund
  3481 | D:4      | Reached skill level 9 in Dodging
  3605 | D:4      | Found a runed translucent gate.
  3606 | D:4      | Found a runed translucent gate.
  3607 | D:4      | Found a runed translucent gate.
  3608 | D:4      | Noticed PanSaczeczos's ghost (novice VSBr)
  3670 | D:5      | Entered Level 5 of the Dungeon
  3991 | D:5      | Reached skill level 10 in Dodging
  4491 | D:5      | Reached XP level 8. HP: 34/34 MP: 9/9
  4553 | D:6      | Found Waire's General Store.
  5296 | D:6      | Noticed Sigmund
  5317 | D:6      | Killed Sigmund
  5368 | D:6      | Reached skill level 5 in Fighting
  5545 | D:6      | Found a staircase to the Ecumenical Temple.
  5592 | D:7      | Found a blossoming altar of Fedhas.
  5662 | D:6      | Noticed a rust devil
  5662 | D:6      | Noticed a rust devil
  5852 | D:7      | Reached XP level 9. HP: 35/40 MP: 10/10
  6109 | D:7      | Reached **** piety under Trog
  6231 | D:7      | Found an iron altar of Okawaru.
  6821 | D:7      | Noticed Harold
  6893 | D:7      | Slain by a yak
  6894 | D:7      | Reached XP level 8. HP: -1/37 MP: 18/18
  6941 | D:7      | Reached skill level 11 in Dodging
  6944 | D:7      | Reached XP level 9. HP: 33/40 MP: 10/10
  6965 | D:7      | Mangled by Harold
  6966 | D:7      | Reached XP level 8. HP: -12/37 MP: 18/18
  6991 | D:7      | Killed Harold
  6992 | D:7      | Reached skill level 10 in Stealth
  7013 | D:7      | Killed from afar by an orc wizard

Illustrated notes

Levels and vault maps discovered:
D:1:      ldierk_water_garden, layout_rooms, minmay_tetromino_i2
D:2:      layout_basic, kennysheep_generic_room_8, uniq_robin
D:3:      layout_rooms, old_standard_altar, uniq_terence
D:4:      layout_basic, ebering_ghost_rock_garden, serial_shops,
          nicolae_shop_crystal, uniq_menkaure, uniq_edmund, uniq_eustachio,
          uniq_blork_the_orc
D:5:      layout_loops_ring
D:6:      cheibrodos_iron_armory, layout_rooms,
          minmay_temple_entry_enclosed_plants, serial_shops, shop,
          minmay_checkerbox, uniq_sigmund
D:7:      layout_basic, basic_altar, okawaru_trees_2, uniq_duvessa, uniq_harold

Skill      XL: |  1  2  3  4  5  6  7  8  9 |
---------------+----------------------------+-----
Stealth        | 1 2 4 5 10 9 | 10.0
Unarmed Combat | 4 5 9 8 |  9.3
Dodging        | 5 8 10 11 | 11.7
Fighting       | 5 |  5.0

Action                   |  1- 3 |  4- 6 |  7- 9 || total
-------------------------+-------+-------+-------++-------
Melee: Unarmed           |   105 |    53 |   303 ||   461
       Bite              |    11 |     7 |    50 ||    68
       Punch             |       |     1 |    13 ||    14
Invok: Berserk           |     2 |     3 |    11 ||    16
       Trog's Hand       |       |       |     3 ||     3
Evoke: Wand              |       |       |     1 ||     1
  Use: Scroll            |       |     6 |     1 ||     7
 Stab: Sleeping          |    13 |     4 |    12 ||    29
       Distracted        |     1 |       |     1 ||     2
Armor: Skin              |     6 |     2 |     5 ||    13
Dodge: Dodged            |    91 |    27 |   300 ||   418
